 Dungeon Crawl Stone Soup version 0.20.1-1-g8b1a95d (webtiles) character file.

1906 mortelune the Cleaver (level 8, 0/74 HPs)
             Began as a Minotaur Berserker on Oct 30, 2017.
             Was an Elder of Trog.
             Slain by an orc warrior
             ... wielding a cursed -1 short sword
              (16 damage)
             ... on level 6 of the Dungeon.
             The game lasted 00:27:23 (6198 turns).

mortelune the Cleaver (Minotaur Berserker)          Turns: 6198, Time: 00:27:24

Health: 0/74       AC: 11    Str: 23    XL:     8   Next: 94%
Magic:  7/7        EV:  9    Int:  4    God:    Trog [****..]
Gold:   266        SH:  0    Dex: 11    Spells: 7/7 levels left

rFire    . . .     SeeInvis .   a - +1 hand axe
rCold    . . .     Gourm    .   (no shield)
rNeg     . . .     Faith    .   v - +0 chain mail
rPois    .         Spirit   .   (helmet restricted)
rElec    .         Reflect  .   (no cloak)
rCorr    .         Harm     .   r - +0 pair of gloves
MR       .....                  (no boots)
Stlth    ..........             (no amulet)
Regen    0.3/turn               (no ring)
MPRegen  0.1/turn               (no ring)

@: very slow
A: retaliatory headbutt, horns 2
a: Berserk, Trog's Hand, Brothers in Arms, Burn Spellbooks, Renounce Religion


You were on level 6 of the Dungeon.
You worshipped Trog.
Trog was greatly pleased with you.
You were not hungry.

You visited 1 branch of the dungeon, and saw 6 of its levels.
You also visited: Ossuary.

You collected 314 gold pieces.
You spent 48 gold pieces at shops.

Inventory:

Hand Weapons
 a - a +1 hand axe (weapon)
 o - a +0 hunting sling
 t - a +0 hunting sling
Missiles
 p - 109 stones (quivered)
 u - 11 sling bullets
 B - 13 needles of sleeping
Armour
 b - a +0 animal skin
 e - a +0 pair of gloves
 r - a +0 pair of gloves (worn)
 v - a +0 chain mail (worn)
Jewellery
 n - an uncursed ring of flight {unknown}
Wands
 y - a wand of iceblast (0/15)
Scrolls
 h - 2 scrolls of remove curse
 j - a scroll of enchant armour {unknown}
 k - 2 scrolls of identify
 q - 5 scrolls of teleportation
 s - 2 scrolls of noise
 z - a scroll of enchant weapon
Potions
 d - 2 potions of degeneration {unknown}
 f - a potion of mutation {unknown}
 g - a potion of cancellation {unknown}
 i - 4 potions of brilliance {unknown}
 l - 5 potions of heal wounds {unknown}
 m - 4 potions of curing {unknown}
 w - a potion of lignification {unknown}
 A - 2 potions of magic {unknown}
 C - a potion of flight {unknown}
Comestibles
 c - 2 bread rations
 x - a royal jelly


   Skills:
 + Level 7.9 Fighting
 * Level 10.4 Axes
 + Level 7.2 Armour
 - Level 2.1 Dodging


You had 7 spell levels left.
You didn't know any spells.

Dungeon Overview and Level Annotations

Branches:
Dungeon (6/15)             Temple (0/1) D:4

Altars:
Nemelex Xobeh
Vehumet

Shops:
D:5 }


Innate Abilities, Weirdness & Mutations

You reflexively headbutt those who attack you in melee.
You have a pair of horns on your head.


Message History

The orc warrior shouts!
You headbutt the orc!
You kill the orc!
Trog accepts your kill.
You hear a splash.
You hit the plant.
Your unstable footing causes you to fumble your attack.
Your unstable footing causes you to fumble your attack.
The orc warrior hits you with an enchanted short sword.
You barely miss the orc warrior. You hit the plant but do no damage.
You hit the plant. You hit the plant but do no damage. You hit the plant.
The orc warrior hits you with an enchanted short sword!
* * * LOW HITPOINT WARNING * * *
You hit the orc warrior but do no damage.
You hit the plant. You hit the plant but do no damage. x3
The orc warrior closely misses you.
Your unstable footing causes you to fumble your attack.
Your unstable footing causes you to fumble your attack.
The orc warrior hits you with an enchanted short sword!
You die...

############.# .#
...........#.##.#
##########.#.##.#
#.#.##.#
########.#.♣♣≈#
#........#♣≈♣≈♣
#.##....≈≈≈≈≈≈♣♣##
#.##♣≈♣≈P≈P♣≈≈♣ #
♣♣≈≈♣≈P@PP♣#
♣≈)≈)PP≈o♣≈#
♣≈♣≈≈≈≈≈†P♣
♣P≈≈PP≈≈♣[≈≈.#
♣P≈P≈≈≈)≈♣≈≈....
♣≈≈≈P≈≈≈≈≈≈≈≈≈.##.
♣P≈≈≈≈≈≈≈≈≈≈≈PP#
♣≈≈≈≈≈≈≈≈≈≈♣≈♣♣#
♣≈≈≈≈≈≈≈≈≈≈≈≈♣


You could see an orc warrior.

Vanquished Creatures
  An ice beast (D:5)
  2 ogres
  A centaur (D:6)
  A big kobold (D:6)
  2 elf zombies (Ossuary)
  2 bullfrogs (D:6)
  2 scorpions
  6 killer bees (D:6)
  2 electric eels (D:6)
  2 centaur zombies (Ossuary)
  A human zombie (Ossuary)
  3 hounds
  A gnoll shaman (D:4)
  An orc priest (D:5)
  An orc wizard (D:5)
  Natasha (twice) (D:2)
  4 worker ants
  A killer bee zombie (D:6)
  A big kobold zombie (Ossuary)
  2 mummies (Ossuary)
  A worker ant zombie (D:5)
  Robin (D:3)
  8 gnolls
  8 adders
  2 adder zombies
  An adder skeleton (D:4)
  4 worms
  4 dart slugs
  7 leopard geckos
  9 orcs
  3 giant cockroaches
  16 goblins
  9 hobgoblins
  2 jackals (D:3)
  4 kobolds
  4 quokkas
  4 bats (D:2)
  5 frilled lizards
  A giant cockroach zombie (D:6)
  2 goblin zombies (Ossuary)
  9 hobgoblin zombies (Ossuary)
  A jackal skeleton (D:5)
  A jackal zombie (Ossuary)
  9 kobold zombies (Ossuary)
  7 orc zombies (Ossuary)
  2 quokka skeletons
  10 rats
  A rat zombie (Ossuary)
173 creatures vanquished.

Vanquished Creatures (others)
  Natasha (D:2)
  A hobgoblin (D:3)
  A kobold (D:2)
  A frilled lizard (D:2)
4 creatures vanquished.

Grand Total: 177 creatures vanquished

Notes
Turn   | Place    | Note
-------+----------+-------------------------------------------
     0 | D:1      | mortelune the Minotaur Berserker began the quest for the Orb.
     0 | D:1      | Reached XP level 1. HP: 19/19 MP: 0/0
   111 | D:1      | Reached XP level 2. HP: 22/27 MP: 1/1
   333 | D:1      | Reached skill level 4 in Axes
   797 | D:2      | Noticed Natasha
   800 | D:2      | Killed Natasha
   800 | D:2      | Reached XP level 3. HP: 34/34 MP: 2/2
   875 | D:2      | Reached XP level 4. HP: 41/41 MP: 3/3
   977 | D:2      | Killed Natasha
  1064 | D:2      | Noticed Natasha
  1077 | D:2      | Reached ** piety under Trog
  1080 | D:2      | Killed Natasha
  1080 | D:2      | Reached skill level 5 in Axes
  1222 | D:2      | Found a faded altar of an unknown god.
  1636 | D:2      | Found a radiant altar of Vehumet.
  2004 | D:3      | Noticed Robin
  2021 | D:2      | Reached XP level 5. HP: 47/47 MP: 4/4
  2055 | D:3      | Killed Robin
  2106 | D:3      | Reached skill level 5 in Fighting
  2115 | D:3      | Reached *** piety under Trog
  2238 | D:3      | Found a sparkling altar of Nemelex Xobeh.
  2911 | D:4      | Reached skill level 6 in Axes
  3046 | D:4      | Reached XP level 6. HP: 50/56 MP: 5/5
  3124 | D:4      | Found a staircase to the Ecumenical Temple.
  3433 | D:4      | Reached skill level 7 in Axes
  3611 | D:5      | Entered Level 5 of the Dungeon
  3704 | D:5      | Reached skill level 5 in Armour
  3704 | D:5      | Reached XP level 7. HP: 63/63 MP: 6/6
  3783 | D:5      | Found a sand-covered staircase.
  3793 | Ossuary  | Entered an ossuary
  3873 | Ossuary  | Reached **** piety under Trog
  3905 | Ossuary  | Reached skill level 8 in Axes
  4228 | D:5      | Found Keyx's Quality Used Wands.
  4540 | D:5      | Bought a wand of iceblast (0/15) for 48 gold pieces
  4631 | D:5      | Received a gift from Trog
  4841 | D:5      | Reached XP level 8. HP: 28/71 MP: 7/7
  5162 | D:5      | Reached skill level 9 in Axes
  5956 | D:6      | Reached skill level 10 in Axes
  6198 | D:6      | Slain by an orc warrior

Skill      XL: |  1  2  3  4  5  6  7  8 |
---------------+-------------------------+-----
Fighting       | 4 5 6 7 |  7.9
Axes           | 4 5 6 7 8 10 | 10.4
Armour         | 3 4 5 7 |  7.2
Dodging        | |  2.1

Action                   |  1- 3 |  4- 6 |  7- 9 || total
-------------------------+-------+-------+-------++-------
Melee: Hand axe          |    41 |   156 |   243 ||   440
       Headbutt          |     6 |    37 |    41 ||    84
Invok: Berserk           |     1 |     4 |     4 ||     9
       Trog's Hand       |       |       |     1 ||     1
  Use: Scroll            |       |     7 |     2 ||     9
  Eat: Chunk             |       |     8 |     6 ||    14
       Meat ration       |       |     1 |     1 ||     2
       Fruit             |       |       |     2 ||     2
Armor: Animal skin       |     4 |     5 |       ||     9
       Chain mail        |       |    72 |    91 ||   163
Dodge: Dodged            |    29 |    82 |    91 ||   202
